 Dungeon Sprint DCSS version 0.31-a0-868-g674d60d6f7 (webtiles) character file.

Game seed: 39534210648032374

78157 rocky1 the Hoplite (level 16, -2/159 HPs)
             Began as a Formicid Fighter on Oct 12, 2023.
             Was an Initiate of Gozag.
             Killed from afar by Jory (24 damage)
             ... with a crystal spear
             ... in the Dungeon (Sprint IX: "|||||||||||||||||||||||||||||").
             The game lasted 00:18:27 (4367 turns).

rocky1 the Hoplite (Formicid Fighter)               Turns: 4367, Time: 00:18:29

Health: -2/159     AC: 28    Str: 21    XL:     16   Next: 7%
Magic:  16/16      EV: 13    Int: 10    God:    Gozag
Gold:   6417       SH: 28    Dex: 22    Spells: 15/15 levels left

rFire   + + +        u - +2 great sword (vamp)
rCold   . . .        q - +1 tower shield
rNeg    . . .        J - +6 plate armour of the Cooper {rF++}
rPois   .            (helmet unavailable)
rElec   .            D - +1 cloak
rCorr   .            o - +0 pair of gloves
SInv    +            t - +0 pair of boots
Will    +....        (no amulet)
Stlth   +++          l - +3 ring of dexterity
HPRegen 0.46/turn    z - ring of protection from fire
MPRegen 0.15/turn

%: no passive effects
@: mesmerised, studying Air Magic
A: permanent stasis, dig shafts and tunnels, antennae 3, four strong arms
a: Dig, Renounce Religion, Potion Petition, Call Merchant, Bribe Branch


You were in the Dungeon.
You worshipped Gozag.
Gozag was greatly pleased with you.
You visited 1 branch You collected 19233 gold pieces.
You spent 10298 gold pieces at shops.
You paid 2518 gold pieces to Gozag.

Inventory:

Hand Weapons
 k - the +2 hand cannon of Haucw {heavy, Int+2}
   (You bought it in a shop in the Dungeon)

   Int+2:     It affects your intelligence (+2).
 u - a +2 vampiric great sword (weapon)
 v - the +8 trishula "Condemnation" {holy, anguish, *Noise Fly rN+}
   (You bought it in a shop in the Dungeon)

   rN+:       It protects you from negative energy.
   Fly:       It grants you flight.
   *Noise:    It may make a loud noise when swung.
 I - a +2 great sword of flaming
Missiles
 b - 13 poisoned darts
Armour
 c - a +0 buckler
 h - a +1 ring mail of fire resistance
 o - a +0 pair of gloves (worn)
 q - a +1 tower shield (worn)
 s - the +2 scale mail "Zionk" {rPois rC+}
   (You bought it in a shop in the Dungeon)

   rC+:       It protects you from cold.
   rPois:     It protects you from poison
 t - a +0 pair of boots (worn)
 w - the +8 ice dragon scales of the Alphagorgon {rF- rC++ Int+3 Dex+4}
   (You bought it in a shop in the Dungeon)

   Int+3:     It affects your intelligence (+3).
   Dex+4:     It affects your dexterity (+4).
   rF-:       It makes you vulnerable to fire.
   rC++:      It greatly protects you from cold.
 y - the +0 ring mail "Domeriudd" {rPois Int-3 Dex+6 Stlth+}
   (You bought it in a shop in the Dungeon)

   Int-3:     It affects your intelligence (-3).
   Dex+6:     It affects your dexterity (+6).
   rPois:     It protects you from poison Stlth+: It makes you more stealthy.
 D - a +1 cloak (worn)
 E - a +3 chain mail of cold resistance
 H - a +2 buckler
 J - the +6 plate armour of the Cooper (worn) {rF++}
   (You bought it in a shop in the Dungeon)

   rF++:      It greatly protects you from fire.
 K - the +1 chain mail of Patience {rPois Dex+3}
   (You bought it in a shop in the Dungeon)

   Dex+3:     It affects your dexterity (+3).
   rPois:     It protects you from poison
Jewellery
 l - a +3 ring of dexterity (left hand)
 m - a +2 ring of protection
 x - a ring of willpower
 z - a ring of protection from fire (right hand)
 B - a ring of willpower
 C - a ring of ice
Scrolls
 a - a scroll of vulnerability
 i - 2 scrolls of amnesia
 n - a scroll of fear
 r - 7 scrolls of enchant armour
 G - a scroll of identify
Potions
 d - a potion of might
 e - 8 potions of curing
 f - a potion of heal wounds
 g - 4 potions of magic
 p - 2 potions of mutation
 A - a potion of ambrosia
 F - a potion of brilliance


   Skills:
 + Level 24.0 Fighting
 + Level 25.0 Long Blades
 + Level 14.5 Armour
 + Level 10.6 Dodging
 + Level 17.6 Stealth
 + Level 26.2 Shields
 - Level 4.6 Evocations


You had 15 spell levels left.
You didn't know any spells.
Your spell library contained the following spells:

 Spells                   Type           Power      Damage    Failure   Level
 Ensorcelled Hibernation  Hex/Ice        0%         N/A       100%        2
 Passwall                 Tmut/Erth      0%         N/A       100%        2
 Ignite Poison            Fire/Tmut/Pois 0%         N/A       100%        3
 Summon Guardian Golem    Hex/Summ       0%         N/A       100%        3
 Tukima's Dance           Hex            0%         N/A       100%        3
 Passage of Golubria      Tloc           0%         N/A       100%        4
 Sticky Flame             Conj/Fire      0%         2d3       100%        4
 Yara's Violent Unravell  Hex/Tmut       0%         3d3       100%        5
 Orb of Destruction       Conj           0%         9d5       100%        7
 Spellforged Servitor     Conj/Summ      0%         N/A       100%        7
 Ignition                 Fire           0%         3d3       100%        8
 Swiftness                Air            Unusable   N/A       N/A         3

Dungeon Overview and Level Annotations

Branches:
Dungeon (1/1)

Altars:
Cheibriados
Dithmenos
Elyvilon
Fedhas
Gozag
Hepliaklqana
Kikubaaqudgha
Makhleb
Nemelex Xobeh
Okawaru
Qazlal
Ru
Sif Muna
Trog
Uskayaw
Vehumet
Wu Jian
Xom
Yredelemnul
Zin
The Shining One
Jiyva
Lugonu

Shops:
D **:[([

Annotations:
D Jory


Innate Abilities, Weirdness & Mutations

You cannot be hasted, slowed, berserked, paralysed or teleported.
You can dig through walls and to a lower floor.
You have a pair of large antennae on your head. (SInv)
Your four strong arms can wield two-handed weapons with a shield.


Message History

Jory casts a spell at you. The crystal spear hits you!!!
You miss Jory.
Jory is lightly damaged.
You carve Jory like a ham!!!
Jory is moderately damaged.
You block Jory's attack. Jory barely misses you.
You closely miss Jory.
Jory is moderately damaged.
Jory says, "Get out, get out, get out!"
You block Jory's attack. Jory barely misses you.
You slice Jory!!
Jory is heavily damaged.
You slice Jory!!
Jory is severely damaged.
Jory mumbles some strange words.
Jory attempts to bespell you!
You are mesmerised by Jory!
You slash Jory!
Jory is severely damaged.
Jory gestures wildly while chanting.
Jory draws you further into his thrall.
You hit Jory but do no damage.
Jory is severely damaged.
You barely miss Jory.
Jory is severely damaged.
Jory draws life force from you!!
Jory is healed by the life force!
You hit Jory but do no damage.
Jory is severely damaged.
Jory says, "Get out, get out, get out!"
Jory hits you with a +1 great sword of flaming!!
* * * LOW HITPOINT WARNING * * *
You block Jory's attack.
You hit Jory but do no damage.
Jory is severely damaged.
Jory casts a spell at you. The crystal spear hits you!!
You die...
Jory screams, "Yes, yes!"
Your body crumbles into a pile of gold. {{{{{{{{{ {{{{{{{{{{{{{

▓▓▓▓▓▓▓▓▓▓▓▓▓▓▓▓▓▓▓▓▓▓▓▓
................@V......
▓▓▓▓▓▓▓▓▓▓▓▓▓▓▓▓▓▓▓▓▓▓▓▓▓▓▓▓▓▓▓▓
.......).).).'...∩.............▓
▓▓▓▓▓▓▓▓▓▓▓▓▓▓▓▓▓▓▓▓▓▓▓▓▓▓▓▓▓▓.▓
...................{.[.........▓
♣♣♣♣♣♣▓▓▓▓▓▓▓▓▓▓▓▓▓▓▓▓▓▓▓▓▓▓▓▓▓▓
....))..)...)))'.....p.........▓
♣♣♣♣♣♣▓▓▓▓▓▓▓▓▓▓▓▓▓▓▓▓▓▓▓▓▓▓▓▓.▓
.p.pp)..........p.{............▓


You could see Jory (mesmerising).

Vanquished Creatures
  Xtahua (D)
  Saint Roka (D)
  A tentacled monstrosity (D)
  An Orb Guardian (D)
  A death cob (D)
  2 sphinxes (D)
  Gastronok (D)
  A tengu reaver (D)
  Frances (D)
  Kirke (D)
  Agnes (D)
  A nagaraja (D)
  A frost giant (D)
  2 fire giants (D)
  3 vault wardens (D)
  2 ironbound preservers (D)
  A vampire knight (D)
  3 stone giants (D)
  Azrael (D)
  An ironbound thunderhulk (D)
  A bunyip (D)
  2 dire elephants (D)
  2 spark wasps (D)
  An entropy weaver (D)
  A merfolk javelineer (D)
  Josephine (D)
  A great orb of eyes (D)
  A yaktaur captain (D)
  An ice dragon (D)
  A hydra (D)
  2 vault guards (D)
  An ironbound frostheart (D)
  A jorogumo (D)
  2 rakshasas (D)
  A radroach (D)
  An anaconda (D)
  An alligator (D)
  2 centaur warriors (D)
  4 boulder beetles (D)
  3 deep troll shamans (D)
  A tengu warrior (D)
  3 deep troll earth magi (D)
  A naga sharpshooter (D)
  2 spriggans (D)
  A shock serpent (D)
  6 orc high priests (D)
  A sixfirhy (D)
  A pharaoh ant (D)
  2 swamp dragons (D)
  A flayed ghost (D)
  An orb spider (D)
  4 ironbound convokers (D)
  A wizard (D)
  2 harpies (D)
  2 lindwurms (D)
  3 orc knights (D)
  A steelbarb worm (D)
  4 orc sorcerers (D)
  2 deep elf pyromancers (D)
  5 ugly things (D)
  A manticore (D)
  A moth of wrath (D)
  A naga mage (D)
  3 black mambas (D)
  A gargoyle (D)
  A vault sentinel (D)
  4 cane toads (D)
  A guardian serpent (D)
  3 komodo dragons (D)
  A yaktaur (D)
  2 tengu conjurers (D)
  A troll (D)
  4 tyrant leeches (D)
  2 hornets (D)
  A wind drake (D)
  A polar bear (D)
  3 merfolk (D)
  2 snapping turtles (D)
  A blink frog (D)
  A slime creature (D)
  3 yaks (D)
  A basilisk (D)
  4 wraiths (D)
  2 fire elementals (D)
  A redback (D)
  A hog (D)
  A vampire mosquito (D)
  A warg (D)
  4 hell hounds (D)
  5 water moccasins (D)
  11 orc warriors (D)
  An ice beast (D)
  A black bear (D)
  An ogre (D)
  2 centaurs (D)
  2 phantoms (D)
  A kobold brigand (D)
  A howler monkey (D)
  3 orc priests (D)
  A hound (D)
  8 orc wizards (D)
  3 worms (D)
  An adder simulacrum (D)
  8 orcs (D)
  2 ball pythons (D)
  An endoplasm (D)
  A giant cockroach (D)
  A goblin (D)
208 creatures vanquished.

Vanquished Creatures (others)
  A bloated husk (D)
  A centaur (D)
  A howler monkey (D)
3 creatures vanquished.

Grand Total: 211 creatures vanquished

Notes
Turn   | Place    | Note
-------+----------+-------------------------------------------
     0 | D        | rocky1 the Formicid Fighter began the quest for the Orb.
     0 | D        | Reached XP level 1. HP: 18/18 MP: 1/1
    10 | D        | Reached XP level 2. HP: 25/25 MP: 2/2
    16 | D        | Noticed an ice beast
    16 | D        | Noticed a phantom
    16 | D        | Noticed a phantom
    16 | D        | Noticed a howler monkey
    30 | D        | Killed a howler monkey
    31 | D        | Reached skill level 5 in Fighting
    31 | D        | Reached skill level 5 in Armour
    31 | D        | Reached skill level 6 in Shields
    31 | D        | Reached XP level 3. HP: 30/33 MP: 3/3
    36 | D        | Reached XP level 4. HP: 31/40 MP: 4/4
    59 | D        | Killed a phantom
    60 | D        | Reached skill level 5 in Long Blades
    60 | D        | Reached skill level 1 in Dodging
    60 | D        | Reached skill level 7 in Shields
    60 | D        | Reached XP level 5. HP: 23/47 MP: 5/5
    77 | D        | Killed a phantom
    78 | D        | Reached skill level 8 in Shields
    78 | D        | Reached XP level 6. HP: 16/55 MP: 6/6
    90 | D        | Killed an ice beast
   266 | D        | Found a snail-covered altar of Cheibriados.
   266 | D        | Found a shadowy altar of Dithmenos.
   266 | D        | Found a white marble altar of Elyvilon.
   266 | D        | Found a blossoming altar of Fedhas.
   266 | D        | Found an opulent altar of Gozag.
   267 | D        | Found a hazy altar of Hepliaklqana.
   268 | D        | Found a viscous altar of Jiyva.
   269 | D        | Found an ancient bone altar of Kikubaaqudgha.
   270 | D        | Found a corrupted altar of Lugonu.
   271 | D        | Found a burning altar of Makhleb.
   272 | D        | Found a sparkling altar of Nemelex Xobeh.
   273 | D        | Found an iron altar of Okawaru.
   274 | D        | Became a worshipper of Gozag Ym Sagoz the Greedy
   275 | D        | Found a stormy altar of Qazlal.
   276 | D        | Found a sacrificial altar of Ru.
   277 | D        | Found a shimmering blue altar of Sif Muna.
   278 | D        | Found a bloodstained altar of Trog.
   279 | D        | Found a hide-covered altar of Uskayaw.
   280 | D        | Found a radiant altar of Vehumet.
   281 | D        | Found an ornate altar of the Wu Jian Council.
   282 | D        | Found a shimmering altar of Xom.
   283 | D        | Found a basalt altar of Yredelemnul.
   284 | D        | Found a glowing silver altar of Zin.
   285 | D        | Found a glowing golden altar of the Shining One.
   301 | D        | Got the +2 scimitar of the Evil Eye {flame, Fragile rC+
                  | Int+2}
   339 | D        | Noticed a yak
   343 | D        | Reached XP level 7. HP: 50/63 MP: 7/7
   354 | D        | Killed a yak
   355 | D        | Reached skill level 1 in Stealth
   359 | D        | Reached skill level 10 in Long Blades
   359 | D        | Reached XP level 8. HP: 53/71 MP: 8/8
   419 | D        | Noticed a purple ugly thing
   419 | D        | Noticed a gargoyle
   419 | D        | Noticed a deep elf pyromancer
   419 | D        | Noticed a centaur warrior
   422 | D        | Killed a centaur warrior
   423 | D        | Reached skill level 9 in Shields
   423 | D        | Reached skill level 1 in Evocations
   424 | D        | Killed a deep elf pyromancer
   435 | D        | Killed a purple ugly thing
   436 | D        | Reached skill level 10 in Fighting
   436 | D        | Reached skill level 10 in Armour
   436 | D        | Reached XP level 9. HP: 24/78 MP: 9/9
   441 | D        | Killed a gargoyle
   442 | D        | Reached skill level 5 in Stealth
   672 | D        | Noticed Josephine
   684 | D        | Reached skill level 10 in Shields
   686 | D        | Killed Josephine
   687 | D        | Reached skill level 5 in Dodging
   687 | D        | Reached XP level 10. HP: 80/88 MP: 10/10
   791 | D        | Noticed a komodo dragon
   795 | D        | Noticed a cane toad
   804 | D        | Killed a komodo dragon
   805 | D        | Noticed a komodo dragon
   827 | D        | Killed a cane toad
   828 | D        | Reached skill level 11 in Shields
   831 | D        | Killed a komodo dragon
   832 | D        | Reached skill level 15 in Long Blades
   935 | D        | Noticed a cane toad
   935 | D        | Noticed a cane toad
   944 | D        | Noticed a cane toad
   946 | D        | Killed a cane toad
   947 | D        | Noticed a komodo dragon
   953 | D        | Killed a cane toad
   954 | D        | Reached skill level 10 in Stealth
   954 | D        | Reached XP level 11. HP: 96/96 MP: 11/11
  1138 | D        | Noticed a lindwurm
  1146 | D        | Killed a lindwurm
  1167 | D        | Noticed a lindwurm
  1181 | D        | Killed a lindwurm
  1182 | D        | Reached skill level 12 in Shields
  1472 | D        | Noticed an orc knight
  1482 | D        | Killed an orc knight
  1553 | D        | Bought a runed great sword for 266 gold pieces
  1553 | D        | Bought the +8 trishula "Condemnation" {holy, anguish,
                  | *Noise Fly rN+} for 2402 gold pieces
  1553 | D        | Found the +8 trishula "Condemnation" {holy, anguish, *Noise
                  | Fly rN+}
  1553 | D        | Bought a glowing long sword for 182 gold pieces
  1555 | D        | Noticed an orc knight
  1574 | D        | Killed an orc knight
  1611 | D        | Noticed an orc high priest
  1621 | D        | Noticed a soul eater
  1621 | D        | Killed an orc high priest
  1642 | D        | Bought a crude hand cannon for 238 gold pieces
  1642 | D        | Identified the +2 hand cannon of Haucw {heavy, Int+2} (You
                  | bought it in a shop in the Dungeon)
  1756 | D        | Found Yclenus's Antique Armour Boutique.
  1756 | D        | Noticed an orc knight
  1756 | D        | Noticed an orc high priest
  1756 | D        | Noticed an orc high priest
  1756 | D        | Noticed an orc sorcerer
  1756 | D        | Noticed an orc sorcerer
  1759 | D        | Killed an orc sorcerer
  1760 | D        | Reached XP level 12. HP: 108/108 MP: 12/12
  1760 | D        | Found Eruul's Book Shop.
  1768 | D        | Noticed an orc high priest
  1772 | D        | Reached skill level 15 in Fighting
  1776 | D        | Killed an orc high priest
  1780 | D        | Killed an orc high priest
  1781 | D        | Reached skill level 13 in Shields
  1787 | D        | Found Zefovodd's General Store.
  1790 | D        | Found Zoziucoi's General Store.
  1795 | D        | Killed an orc high priest
  1799 | D        | Noticed an orc high priest
  1801 | D        | Noticed an orc high priest
  1814 | D        | Killed an orc high priest
  1818 | D        | Killed an orc high priest
  1858 | D        | Bought a pair of gloves for 108 gold pieces
  1858 | D        | Bought an ancient ring mail for 216 gold pieces
  1858 | D        | Identified the +0 ring mail "Domeriudd" {rPois Int-3 Dex+6
                  | Stlth+} (You bought it in a shop in the Dungeon)
  1862 | D        | Bought a potion of heal wounds for 60 gold pieces
  1862 | D        | Bought a scroll of enchant armour for 90 gold pieces
  1862 | D        | Bought a +2 leather armour of poison resistance for 192
                  | gold pieces
  1864 | D        | Bought a potion of curing for 36 gold pieces
  1866 | D        | Bought a potion of ambrosia for 112 gold pieces
  1866 | D        | Bought a potion of might for 56 gold pieces
  1870 | D        | Bought a book of Burglary for 280 gold pieces
  1870 | D        | Bought a manual of Air Magic for 1120 gold pieces
  1870 | D        | Bought Great Wizards, Vol. VII for 420 gold pieces
  1870 | D        | Bought a book of Dangerous Friends for 560 gold pieces
  1870 | D        | Bought an Everburning Encyclopedia for 504 gold pieces
  2220 | D        | Noticed a centaur warrior
  2222 | D        | Killed a centaur warrior
  2223 | D        | Noticed a boulder beetle
  2233 | D        | Noticed a deep troll earth mage
  2236 | D        | Noticed a flayed ghost
  2252 | D        | Reached skill level 14 in Shields
  2252 | D        | Noticed a deep troll shaman
  2254 | D        | Noticed a fire giant
  2260 | D        | Noticed a deep troll shaman
  2262 | D        | Killed a deep troll earth mage
  2268 | D        | Killed a flayed ghost
  2275 | D        | Killed a fire giant
  2276 | D        | Reached XP level 13. HP: 91/119 MP: 13/13
  2460 | D        | Noticed Agnes
  2466 | D        | Noticed Kirke
  2472 | D        | Killed Agnes
  2489 | D        | Killed Kirke
  2551 | D        | Noticed a merfolk javelineer
  2562 | D        | Killed a merfolk javelineer
  2572 | D        | Reached skill level 15 in Shields
  2702 | D        | Noticed a bunyip
  2709 | D        | Noticed a five-headed hydra
  2714 | D        | Noticed an alligator
  2715 | D        | Killed a bunyip
  2723 | D        | Reached skill level 16 in Shields
  2739 | D        | Killed a three-headed hydra
  2743 | D        | Killed an alligator
  2861 | D        | Noticed an anaconda
  2862 | D        | Noticed a nagaraja
  2888 | D        | Killed a nagaraja
  2889 | D        | Reached skill level 17 in Shields
  2902 | D        | Reached XP level 14. HP: 71/133 MP: 14/14
  2927 | D        | Reached skill level 18 in Shields
  3050 | D        | Reached skill level 15 in Stealth
  3077 | D        | Reached skill level 19 in Shields
  3147 | D        | Noticed Saint Roka
  3181 | D        | Killed Saint Roka
  3182 | D        | Reached skill level 20 in Shields
  3189 | D        | Reached skill level 10 in Dodging
  3212 | D        | Noticed Frances
  3216 | D        | Noticed Azrael
  3227 | D        | Killed Frances
  3239 | D        | Killed Azrael
  3281 | D        | Noticed Gastronok
  3302 | D        | Killed Gastronok
  3303 | D        | Reached skill level 21 in Shields
  3436 | D        | Bought a warped scale mail for 279 gold pieces
  3436 | D        | Identified the +2 scale mail "Zionk" {rPois rC+} (You
                  | bought it in a shop in the Dungeon)
  3436 | D        | Bought fine ice dragon scales for 2015 gold pieces
  3436 | D        | Identified the +8 ice dragon scales of the Alphagorgon {rF-
                  | rC++ Int+3 Dex+4} (You bought it in a shop in the Dungeon)
  3436 | D        | Bought a distressingly furry plate armour for 868 gold
                  | pieces
  3436 | D        | Identified the +6 plate armour of the Cooper {rF++} (You
                  | bought it in a shop in the Dungeon)
  3436 | D        | Bought a dazzling chain mail for 294 gold pieces
  3436 | D        | Identified the +1 chain mail of Patience {rPois Dex+3} (You
                  | bought it in a shop in the Dungeon)
  3553 | D        | Noticed a frost giant
  3553 | D        | Noticed a stone giant
  3553 | D        | Noticed a spark wasp
  3553 | D        | Noticed a sphinx
  3561 | D        | Killed a sphinx
  3566 | D        | Noticed a spark wasp
  3568 | D        | Noticed a stone giant
  3571 | D        | Killed a spark wasp
  3577 | D        | Killed a stone giant
  3584 | D        | Killed a frost giant
  3594 | D        | Noticed a fire giant
  3613 | D        | Killed a stone giant
  3614 | D        | Reached skill level 22 in Shields
  3617 | D        | Killed a spark wasp
  3618 | D        | Reached XP level 15. HP: 143/144 MP: 15/15
  3647 | D        | Killed a fire giant
  3673 | D        | Reached skill level 23 in Shields
  3703 | D        | Noticed a tengu reaver
  3704 | D        | Noticed a stone giant
  3717 | D        | Killed a tengu reaver
  3729 | D        | Killed a stone giant
  3930 | D        | Noticed a vault warden
  3930 | D        | Noticed an ironbound preserver
  3956 | D        | Killed a vault warden
  3972 | D        | Killed an ironbound preserver
  3993 | D        | Reached skill level 24 in Shields
  4003 | D        | Noticed a vault warden
  4011 | D        | Noticed a vault warden
  4027 | D        | Noticed an ironbound preserver
  4044 | D        | Killed a vault warden
  4054 | D        | Noticed a tentacled monstrosity
  4054 | D        | Noticed an Orb Guardian
  4055 | D        | Killed a vault warden
  4056 | D        | Noticed a death cob
  4064 | D        | Killed an ironbound preserver
  4067 | D        | Reached skill level 25 in Shields
  4075 | D        | Killed a tentacled monstrosity
  4081 | D        | Killed an Orb Guardian
  4089 | D        | Killed a death cob
  4093 | D        | Noticed a sphinx
  4118 | D        | Killed a sphinx
  4119 | D        | Reached skill level 26 in Shields
  4119 | D        | Reached XP level 16. HP: 145/159 MP: 16/16
  4318 | D        | Noticed Xtahua
  4336 | D        | Killed Xtahua
  4351 | D        | Noticed Jory
  4367 | D        | Killed from afar by Jory

Illustrated notes

Levels and vault maps discovered:
D:        linesprint [early_d, line_temple, items_1, d_10, items_2, lair_1,
          lair_end, items_3, orc_1, orc_end, items_4, d_15, swamp_1, shoals_1,
          snake_1, spider_1, d_20, vaults_1, items_5, swamp_end, shoals_end,
          snake_end, spider_end, vaults_end, d_27, items_6, zot_1, zot_end,
          crypt_end, forest_end, elf_end, slime_end, tomb_end, abyss_end,
          pan_hell_end]

Skill      XL: |  1  2  3  4  5  6  7  8  9 10 11 12 13 14 15 16 |
---------------+-------------------------------------------------+-----
Fighting       | 4 5 6 7 8 9 10 11 12 14 16 19 21 23 24 | 24.0
Armour         | 4 5 6 7 8 10 11 12 13 14 | 14.5
Long Blades    | 3 5 6 8 10 12 13 15 17 20 21 23 24 25 | 25.0
Shields        | 6 7 8 9 10 11 12 14 17 22 26 | 26.2
Dodging        | 1 2 3 4 5 7 9 10 | 10.6
Stealth        | 2 4 7 10 12 14 17 | 17.6
Evocations     | 2 3 4 |  4.6

Action                     |  1- 3 |  4- 6 |  7- 9 | 10-12 | 13-15 | 16-18 || total
---------------------------+-------+-------+-------+-------+-------+-------++-------
  Melee: Long sword        |    24 |    55 |       |       |       |       ||    79
         Scimitar          |       |     2 |    37 |   153 |       |       ||   192
         Great sword       |       |       |       |   150 |   622 |    28 ||   800
 Invoke: Call Merchant     |       |       |       |     1 |     1 |       ||     2
         Potion Petition   |       |       |       |       |     3 |       ||     3
  Evoke: Wand              |       |     1 |     6 |     2 |     1 |       ||    10
    Use: Potion            |       |       |     3 |     2 |     7 |       ||    12
   Stab: Invisible         |       |       |     4 |     4 |     4 |       ||    12
         Distracted        |       |       |     1 |     2 |    12 |       ||    15
         Sleeping          |       |       |       |     4 |     2 |       ||     6
 Armour: Scale mail        |    13 |    41 |       |       |       |       ||    54
         Ring mail         |       |     2 |    21 |    76 |    99 |       ||   198
         Plate armour      |       |       |       |       |   100 |    16 ||   116
  Dodge: Dodged            |     8 |    14 |    12 |    69 |   124 |     5 ||   232
  Block: Buckler           |     6 |     9 |     6 |    60 |     9 |       ||    90
         Tower shield      |       |       |       |       |   493 |    14 ||   507

Table legend: (Time is in decaauts)
 A = Elapsed time spent in this place.
 B = Non-inter-level travel time spent in this place.
 C = Inter-level travel time spent in this place.
 D = Time resting spent in this place.
 E = Time spent auto-exploring this place.
 F = Levels seen in this place.
 G = Mean time per level.
                   A        B        C        D        E       F      G
               +--------+--------+--------+--------+--------+-----+--------+
         Total |   4161 |   4093 |     68 |   1726 |      0 |   1 | 4161.0 |
       Dungeon |   4161 |   4093 |     68 |   1726 |      0 |   1 | 4161.0 |
               +--------+--------+--------+--------+--------+-----+--------+

Top non-repeatable levels by time:
       D: 4161 daAuts
